 Dungeon Crawl Stone Soup version 0.28.0-45-g0d030f2227 (webtiles) character file.

Game seed: 8269398614404095213

183 MisterFreud the Covert (level 5, 0/47 HPs)
             Began as a Gnoll Delver on May 18, 2022.
             Slain by a sky beast (5 damage)
             ... on level 5 of the Dungeon.
             The game lasted 00:01:23 (623 turns).

MisterFreud the Covert (Gnoll Delver)                Turns: 623, Time: 00:01:24

Health: 0/47       AC:  6    Str: 12    XL:     5   Next: 62%
Magic:  7/7        EV: 13    Int: 11    God:
Gold:   32         SH:  0    Dex: 13    Spells: 7/7 levels left

rFire   . . .      SeeInvis .   a - +0 short sword
rCold   . . .      Faith    .   (no shield)
rNeg    . . .      Spirit   .   b - +0 leather armour
rPois   .          Reflect  .   h - +2 helmet
rElec   .          Harm     .   (no cloak)
rCorr   .          Rampage  .   (no gloves)
Will    .....                   (no boots)
Stlth   ++++......              (no amulet)
HPRegen 0.15/turn               (no ring)
MPRegen 0.10/turn               (no ring)

@: no status effects
A: fangs 1, strong nose, distributed training
a: no special abilities


You were on level 5 of the Dungeon.
You visited 1 branch of the dungeon, and saw 3 of its levels.

You collected 32 gold pieces.

Inventory:

Hand Weapons
 a - a +0 short sword (weapon)
 f - a +1 hand axe of electrocution
 i - a +2 flail of protection
Armour
 b - a +0 leather armour (worn)
 h - a +2 helmet (worn)
Wands
 g - a wand of digging (3)
Scrolls
 c - a scroll of fog
 d - a scroll of magic mapping
 e - a scroll of fear
 j - a scroll of teleportation {unknown}


   Skills:
 + Level 6.7 Fighting
 + Level 4.8 Short Blades
 + Level 1.6 Long Blades
 + Level 1.6 Axes
 + Level 1.6 Maces & Flails
 + Level 1.6 Polearms
 + Level 1.6 Staves
 + Level 1.6 Slings
 + Level 1.6 Bows
 + Level 1.6 Crossbows
 + Level 1.6 Throwing
 + Level 1.6 Armour
 + Level 4.8 Dodging
 + Level 9.7 Stealth
 + Level 1.6 Shields
 + Level 1.6 Unarmed Combat
 + Level 1.6 Spellcasting
 + Level 1.2 Conjurations
 + Level 1.2 Hexes
 + Level 1.2 Summonings
 + Level 1.2 Necromancy
 + Level 1.2 Translocations
 + Level 1.2 Transmutations
 + Level 1.2 Fire Magic
 + Level 1.2 Ice Magic
 + Level 1.2 Air Magic
 + Level 1.2 Earth Magic
 + Level 1.2 Poison Magic
 + Level 1.8 Invocations
 + Level 1.6 Evocations


You had 7 spell levels left.
You didn't know any spells.
Your spell library was empty.

Dungeon Overview and Level Annotations

Branches:
Dungeon (6/15)
 Temple: D:4-7

Altars:
Ashenzari
Cheibriados
Hepliaklqana
Kikubaaqudgha
Makhleb
Okawaru
Uskayaw
Xom
The Shining One


Innate Abilities, Weirdness & Mutations

You have very sharp teeth.
Your uncanny sense of smell can sniff out nearby items.
Your experience applies equally to all skills.


Message History

Deactivating autopickup; reactivate with Ctrl-A.
Something hits you but does no damage.
You closely miss something. Your bite misses something.
Something hits you but does no damage.
You barely miss something. Your bite misses something.
Something hits you but does no damage.
You hit something.
A sky beast appears from thin air!
Reactivating autopickup.
The sky beast hits you but does no damage.
You barely miss the sky beast.
The sky beast is moderately wounded.
The sky beast closely misses you.
You hit the sky beast.
The sky beast is moderately wounded.
The sky beast misses you.
You hit the sky beast but do no damage.
You bite the sky beast, but do no damage.
The sky beast is moderately wounded.
You barely miss the sky beast.
The sky beast is moderately wounded.
The sky beast barely misses you.
You barely miss the sky beast.
The sky beast is moderately wounded.
The sky beast flickers out of sight!
Deactivating autopickup; reactivate with Ctrl-A.
Something hits you but does no damage.
You barely miss something. Something hits you but does no damage.
You hit something. Something hits you but does no damage.
You miss something. Something hits you. Something shocks you.
You hit something but do no damage. You hit something.
Your bite misses something. Something hits you but does no damage.
You miss something. Your punch misses something. Something hits you.
* * * LOW HITPOINT WARNING * * *
Something shocks you.
* * * LOW HITPOINT WARNING * * *
You hit something. Something hits you.
* * * LOW HITPOINT WARNING * * *
Something shocks you.
You die...

.........# .........#
........## ........#
........#############
........#...........#
........#.⌠._._._.⌠.###
......................#
..........8._._.@{8...#
.........(.......†....#
.......##.⌠._._._.⌠.#.#
.#......#...........#
.#......#############
......... ..#..##.. ∆
..#. ....


There were no monsters in sight!

Vanquished Creatures
  2 scorpions (D:5)
  An iguana (D:5)
  An orc wizard (D:6)
  4 orcs
  A hobgoblin (D:4)
  A quokka (D:5)
10 creatures vanquished.

Notes
Turn   | Place    | Note
-------+----------+-------------------------------------------
     0 | D:5      | Reached skill level 9 in Stealth
     0 | D:5      | MisterFreud the Gnoll Delver began the quest for the Orb.
     0 | D:5      | Reached XP level 1. HP: 23/23 MP: 1/1
     1 | D:6      | Noticed an orc warrior
     1 | D:6      | Noticed an orc priest
     1 | D:6      | Noticed an orc wizard
     2 | D:6      | Killed an orc wizard
     3 | D:6      | Reached XP level 2. HP: 29/29 MP: 2/2
     3 | D:6      | Reached XP level 3. HP: 35/35 MP: 3/3
   171 | D:5      | HP: 1/35 [iguana (10)]
   174 | D:5      | Reached skill level 1 in Long Blades
   174 | D:5      | Reached skill level 1 in Axes
   174 | D:5      | Reached skill level 1 in Maces & Flails
   174 | D:5      | Reached skill level 1 in Polearms
   174 | D:5      | Reached skill level 1 in Staves
   174 | D:5      | Reached skill level 1 in Slings
   174 | D:5      | Reached skill level 1 in Bows
   174 | D:5      | Reached skill level 1 in Crossbows
   174 | D:5      | Reached skill level 1 in Throwing
   174 | D:5      | Reached skill level 1 in Armour
   174 | D:5      | Reached skill level 1 in Shields
   174 | D:5      | Reached skill level 1 in Unarmed Combat
   174 | D:5      | Reached skill level 1 in Spellcasting
   174 | D:5      | Reached skill level 1 in Invocations
   174 | D:5      | Reached skill level 1 in Evocations
   174 | D:5      | Reached XP level 4. HP: 1/41 MP: 5/5
   503 | D:5      | Noticed a scorpion
   508 | D:5      | Killed a scorpion
   509 | D:5      | Reached skill level 1 in Conjurations
   509 | D:5      | Reached skill level 1 in Hexes
   509 | D:5      | Reached skill level 1 in Summonings
   509 | D:5      | Reached skill level 1 in Necromancy
   509 | D:5      | Reached skill level 1 in Translocations
   509 | D:5      | Reached skill level 1 in Transmutations
   509 | D:5      | Reached skill level 1 in Fire Magic
   509 | D:5      | Reached skill level 1 in Ice Magic
   509 | D:5      | Reached skill level 1 in Air Magic
   509 | D:5      | Reached skill level 1 in Earth Magic
   509 | D:5      | Reached skill level 1 in Poison Magic
   509 | D:5      | Reached XP level 5. HP: 47/47 MP: 6/6
   584 | D:5      | Found a snail-covered altar of Cheibriados.
   584 | D:5      | Found a shimmering altar of Xom.
   585 | D:5      | Found a hazy altar of Hepliaklqana.
   586 | D:5      | Found a glowing golden altar of the Shining One.
   586 | D:5      | Found an iron altar of Okawaru.
   586 | D:5      | Found a hide-covered altar of Uskayaw.
   588 | D:5      | Found a burning altar of Makhleb.
   588 | D:5      | Found an ancient bone altar of Kikubaaqudgha.
   588 | D:5      | Found a broken altar of Ashenzari.
   593 | D:5      | Noticed a sky beast
   623 | D:5      | Slain by a sky beast

Illustrated notes

Levels and vault maps discovered:
D:4:      layout_loops_corners, lemuel_temple_firewalk_b, serial_shops, shop
D:5:      layout_rooms, nicolae_overflows_in_rows
D:6:      nicolae_cairo_tiling_very_big, layout_loops_ring,
          guppyfry_early_elven_hall, uniq_eustachio

Skill      XL: |  1  2  3  4 |
---------------+-------------+-----
Stealth        | |  9.7
Long Blades    | 1 |  1.6
Axes           | 1 |  1.6
Maces & Flails | 1 |  1.6
Polearms       | 1 |  1.6
Staves         | 1 |  1.6
Slings         | 1 |  1.6
Bows           | 1 |  1.6
Crossbows      | 1 |  1.6
Throwing       | 1 |  1.6
Armour         | 1 |  1.6
Shields        | 1 |  1.6
Unarmed Combat | 1 |  1.6
Spellcasting   | 1 |  1.6
Invocations    | 1 |  1.8
Evocations     | 1 |  1.6
Conjurations   | 1 |  1.2
Hexes          | 1 |  1.2
Summonings     | 1 |  1.2
Necromancy     | 1 |  1.2
Translocations | 1 |  1.2
Transmutations | 1 |  1.2
Fire Magic     | 1 |  1.2
Ice Magic      | 1 |  1.2
Air Magic      | 1 |  1.2
Earth Magic    | 1 |  1.2
Poison Magic   | 1 |  1.2
Fighting       | |  6.7
Short Blades   | |  4.8
Dodging        | |  4.8

Action                   |  1- 3 |  4- 6 || total
-------------------------+-------+-------++-------
Melee: Short sword       |    30 |    30 ||    60
       Bite              |     6 |     2 ||     8
       Punch             |     1 |       ||     1
  Use: Potion            |     1 |       ||     1
 Stab: Sleeping          |     3 |     3 ||     6
Armor: Leather armour    |       |    11 ||    11
Dodge: Dodged            |    13 |     5 ||    18
